[ AOE2 MATCH · #507655056 ]
UnrankedSaracens vs Persians
Player's team · WIN
Rival team · LOSS
[ REPLAY ANALYSIS · EXTRACTED FROM THE RECORDED GAME ]
Feudal
11:50
Castle
25:49
Imperial
45:16
| APM avg | 41.3 |
| APM peak | 83 |
| eAPM avg | 24.4 |
| Villagers / military | 115 / 246 |
Focus
⚔️ 39.7% · 🌾 60.3%
Mameluke ×70 · Camel Scout ×43 · Scout Cavalry ×35 · Skirmisher ×34 · Archer ×26 · Monk ×18
Feudal
9:06
Castle
25:09
Imperial
49:10
| APM avg | 60.0 |
| APM peak | 110 |
| eAPM avg | 32.6 |
| Villagers / military | 193 / 588 |
Focus
⚔️ 56.2% · 🌾 43.8%
Skirmisher ×219 · Spearman ×128 · Camel Scout ×92 · Scout Cavalry ×56 · Knight ×29 · Hand Cannoneer ×29
Match map
Initial resources + every placement click. Lines = walls · curves = elevation contours. ◆ gold · ⬟ stone · ● berries · ✦ relic · ◌ wall gap
Your base· Open — unwalled flank
AlmaFuerte1228's base· ✓ Closed at 25:09 · 29t walls · 2 gate(s)
Smoothed initial terrain · ◌ = detected wall gap · hover for details
Inputs per minute
— b1gFooot - - AlmaFuerte1228
Build order — b1gFooot
First 150 of 412 actions detected
| 0:01 | Queue | Villager (Male) ×4 |
| 0:02 | Build | House |
| 0:02 | Build | House |
| 1:31 | Research | Loom |
| 2:08 | Queue | Villager (Male) |
| 2:37 | Queue | Villager (Male) |
| 2:38 | Queue | Villager (Male) |
| 3:04 | Queue | Villager (Male) |
| 3:15 | Queue | Villager (Male) |
| 3:47 | Queue | Villager (Male) ×2 |
| 4:30 | Queue | Villager (Male) |
| 4:56 | Build | House |
| 5:29 | Queue | Villager (Male) |
| 5:52 | Queue | Villager (Male) |
| 6:20 | Queue | Villager (Male) |
| 6:27 | Build | Mill |
| 6:39 | Build | House |
| 6:45 | Queue | Villager (Male) |
| 6:46 | Queue | Villager (Male) |
| 7:06 | Queue | Villager (Male) |
| 7:27 | Queue | Villager (Male) |
| 7:51 | Queue | Villager (Male) |
| 8:37 | Queue | Villager (Male) |
| 9:10 | Build | Lumber Camp |
| 9:12 | Queue | Villager (Male) |
| 9:38 | Research | Feudal Age |
| 10:37 | Build | Barracks |
| 11:01 | Build | House |
| 11:03 | Build | House |
| 11:50 | Age | Feudal Age |
| 11:54 | Build | Mining Camp |
| 11:58 | Research | Wheelbarrow |
| 12:00 | Research | Double-Bit Axe |
| 12:18 | Build | Market |
| 13:16 | Queue | Villager (Male) |
| 13:27 | Queue | Villager (Male) |
| 13:30 | Research | Stone Mining |
| 13:46 | Queue | Villager (Male) |
| 14:04 | Queue | Spearman |
| 14:08 | Queue | Villager (Male) |
| 14:24 | Build | Watch Tower |
| 14:28 | Build | House |
| 14:47 | Queue | Villager (Male) |
| 15:03 | Queue | Spearman |
| 15:07 | Queue | Spearman |
| 15:16 | Build | Watch Tower |
| 16:03 | Queue | Villager (Male) |
| 16:07 | Build | Lumber Camp |
| 16:27 | Build | Blacksmith |
| 16:34 | Build | Mill |
| 16:37 | Queue | Villager (Male) |
| 16:48 | Queue | Villager (Male) |
| 16:59 | Queue | Villager (Male) |
| 17:11 | Queue | Villager (Male) |
| 17:23 | Build | House |
| 17:33 | Queue | Villager (Male) |
| 17:56 | Queue | Villager (Male) |
| 18:30 | Queue | Villager (Male) |
| 18:34 | Research | Horse Collar |
| 18:49 | Queue | Villager (Male) |
| 18:59 | Queue | Spearman |
| 19:37 | Build | Mill |
| 19:38 | Queue | Villager (Male) |
| 19:41 | Queue | Villager (Male) |
| 20:32 | Queue | Villager (Male) |
| 20:44 | Queue | Villager (Male) |
| 20:50 | Research | Fletching |
| 20:55 | Build | Farm |
| 20:57 | Build | Farm |
| 20:58 | Build | Farm |
| 20:59 | Build | Farm |
| 21:00 | Build | Farm |
| 21:01 | Build | Farm |
| 21:01 | Build | Farm |
| 21:02 | Build | Farm |
| 21:08 | Build | Farm |
| 21:10 | Build | Farm |
| 21:11 | Build | Farm |
| 21:12 | Build | Farm |
| 21:14 | Build | Farm |
| 21:16 | Queue | Villager (Male) |
| 21:36 | Queue | Villager (Male) |
| 21:59 | Build | Farm |
| 22:00 | Build | Farm |
| 22:02 | Build | Farm |
| 22:04 | Build | Farm |
| 22:39 | Queue | Villager (Male) |
| 22:44 | Research | Town Watch |
| 23:04 | Research | Castle Age |
| 23:33 | Build | Lumber Camp |
| 23:51 | Research | Gold Mining |
| 24:02 | Build | Mining Camp |
| 24:13 | Build | Lumber Camp |
| 25:14 | Build | House |
| 25:16 | Build | House |
| 25:49 | Age | Castle Age |
| 25:53 | Build | University |
| 25:57 | Research | Hand Cart |
| 26:02 | Build | Town Center |
| 26:20 | Research | Treadmill Crane |
| 26:27 | Research | Gold Shaft Mining |
| 27:17 | Queue | Villager (Male) ×3 |
| 28:05 | Build | Town Center |
| 28:06 | Queue | Villager (Male) |
| 28:08 | Queue | Villager (Male) |
| 28:17 | Queue | Villager (Male) |
| 28:39 | Queue | Villager (Male) |
| 28:43 | Queue | Villager (Male) |
| 28:53 | Build | Castle |
| 29:06 | Queue | Villager (Male) |
| 29:11 | Build | Lumber Camp |
| 29:21 | Queue | Villager (Male) |
| 29:51 | Queue | Villager (Male) |
| 30:04 | Queue | Villager (Male) ×5 |
| 30:06 | Queue | Villager (Male) |
| 30:07 | Queue | Villager (Male) |
| 30:13 | Queue | Villager (Male) |
| 30:27 | Queue | Mameluke |
| 30:35 | Queue | Villager (Male) |
| 30:36 | Queue | Villager (Male) |
| 30:39 | Queue | Villager (Male) |
| 30:51 | Queue | Villager (Male) |
| 30:56 | Queue | Mameluke |
| 30:59 | Research | Forging |
| 31:05 | Build | Lumber Camp |
| 31:06 | Build | Monastery |
| 31:38 | Queue | Mameluke |
| 31:45 | Queue | Mameluke |
| 31:47 | Queue | Villager (Male) |
| 32:00 | Queue | Villager (Male) |
| 32:10 | Queue | Villager (Male) |
| 32:11 | Queue | Villager (Male) |
| 32:12 | Build | Farm |
| 32:14 | Build | Farm |
| 32:15 | Build | Farm |
| 32:16 | Build | Farm |
| 32:20 | Build | Farm |
| 32:20 | Build | Mill |
| 32:22 | Build | Farm |
| 32:24 | Build | Farm |
| 32:49 | Queue | Mameluke |
| 33:07 | Build | Monastery |
| 33:10 | Build | Monastery |
| 33:41 | Queue | Villager (Male) |
| 33:42 | Queue | Monk |
| 33:42 | Queue | Monk |
| 33:44 | Queue | Monk |
| 33:53 | Build | Farm |
| 33:53 | Build | Farm |
| 33:54 | Build | Farm |
Build order — AlmaFuerte1228
First 150 of 1078 actions detected
| 0:01 | Queue | Villager (Male) |
| 0:01 | Queue | Villager (Male) |
| 0:02 | Build | House |
| 0:04 | Build | House |
| 0:27 | Queue | Villager (Male) |
| 0:27 | Queue | Villager (Male) |
| 0:34 | Queue | Villager (Male) |
| 0:34 | Queue | Villager (Male) |
| 1:32 | Queue | Villager (Male) |
| 1:32 | Queue | Villager (Male) |
| 1:41 | Build | Lumber Camp |
| 2:01 | Queue | Villager (Male) |
| 2:01 | Queue | Villager (Male) |
| 2:12 | Queue | Villager (Male) |
| 2:13 | Queue | Villager (Male) |
| 2:46 | Queue | Villager (Male) |
| 2:46 | Queue | Villager (Male) |
| 3:20 | Build | House |
| 3:25 | Queue | Villager (Male) |
| 3:25 | Queue | Villager (Male) |
| 3:41 | Build | Mill |
| 4:01 | Queue | Villager (Male) |
| 4:02 | Queue | Villager (Male) |
| 4:02 | Queue | Villager (Male) |
| 4:55 | Queue | Villager (Male) |
| 4:55 | Queue | Villager (Male) |
| 5:30 | Queue | Villager (Male) |
| 5:44 | Queue | Villager (Male) |
| 6:06 | Queue | Villager (Male) |
| 6:17 | Research | Loom |
| 7:02 | Research | Feudal Age |
| 7:37 | Build | Mining Camp |
| 7:46 | Build | House |
| 7:52 | Build | Barracks |
| 7:59 | Queue | Villager (Male) |
| 8:32 | Build | Farm |
| 8:37 | Build | Farm |
| 8:39 | Build | Farm |
| 8:49 | Build | Farm |
| 9:06 | Age | Feudal Age |
| 9:19 | Build | Watch Tower |
| 9:29 | Queue | Villager (Male) |
| 9:33 | Research | Double-Bit Axe |
| 9:55 | Queue | Villager (Male) |
| 10:09 | Queue | Villager (Male) |
| 10:15 | Build | Stable |
| 10:30 | Queue | Villager (Male) |
| 10:36 | Queue | Villager (Male) |
| 10:38 | Build | House |
| 10:39 | Queue | Villager (Male) |
| 10:48 | Build | Farm |
| 11:05 | Queue | Scout Cavalry |
| 11:09 | Build | House |
| 11:33 | Build | Farm |
| 11:35 | Build | Farm |
| 11:38 | Build | Farm |
| 11:51 | Build | House |
| 11:52 | Queue | Villager (Male) |
| 11:55 | Build | Farm |
| 12:02 | Queue | Scout Cavalry |
| 12:03 | Queue | Scout Cavalry |
| 12:09 | Build | Farm |
| 12:14 | Build | Farm |
| 12:33 | Build | Palisade Wall |
| 12:34 | Queue | Villager (Male) |
| 12:40 | Queue | Villager (Male) |
| 12:44 | Build | Farm |
| 13:00 | Build | Farm |
| 13:05 | Build | Farm |
| 13:08 | Queue | Scout Cavalry |
| 13:24 | Queue | Villager (Male) |
| 13:26 | Build | Farm |
| 13:38 | Queue | Scout Cavalry |
| 13:55 | Build | Farm |
| 14:05 | Queue | Scout Cavalry |
| 14:05 | Queue | Villager (Male) |
| 14:09 | Build | Farm |
| 14:27 | Build | Blacksmith |
| 14:40 | Queue | Villager (Male) |
| 14:55 | Queue | Scout Cavalry |
| 14:56 | Queue | Villager (Male) |
| 15:15 | Research | Forging |
| 15:36 | Queue | Villager (Male) |
| 15:52 | Queue | Scout Cavalry |
| 15:54 | Build | Archery Range |
| 16:05 | Queue | Villager (Male) |
| 16:05 | Queue | Villager (Male) |
| 16:08 | Build | House |
| 16:09 | Queue | Militia |
| 16:10 | Queue | Militia |
| 16:13 | Build | Mining Camp |
| 16:21 | Queue | Scout Cavalry |
| 16:29 | Build | House |
| 16:40 | Build | Lumber Camp |
| 16:57 | Queue | Villager (Male) |
| 17:13 | Research | Man-at-Arms (upgrade) |
| 17:15 | Queue | Militia |
| 17:15 | Queue | Militia |
| 17:20 | Queue | Villager (Male) |
| 17:25 | Build | House |
| 17:27 | Build | Palisade Wall |
| 17:30 | Build | Palisade Wall |
| 17:35 | Build | Palisade Wall |
| 17:37 | Queue | Villager (Male) |
| 17:39 | Research | Scale Barding Armor |
| 17:48 | Queue | Militia |
| 18:08 | Research | Bloodlines |
| 18:11 | Queue | Militia |
| 18:11 | Queue | Militia |
| 18:15 | Queue | Villager (Male) |
| 18:39 | Build | Palisade Wall |
| 18:49 | Build | Palisade Gate |
| 18:54 | Queue | Villager (Male) |
| 18:54 | Queue | Villager (Male) |
| 19:08 | Research | Scale Mail Armor |
| 19:36 | Queue | Villager (Male) |
| 19:38 | Queue | Scout Cavalry |
| 20:04 | Queue | Villager (Male) |
| 20:10 | Build | Market |
| 20:21 | Queue | Villager (Male) |
| 20:26 | Build | Farm |
| 20:26 | Build | Farm |
| 20:26 | Build | Farm |
| 20:45 | Queue | Villager (Male) |
| 21:02 | Build | House |
| 21:05 | Build | House |
| 21:15 | Build | Farm |
| 21:15 | Build | Farm |
| 21:16 | Build | Farm |
| 21:20 | Queue | Villager (Male) |
| 21:26 | Queue | Villager (Male) |
| 21:28 | Research | Horse Collar |
| 21:35 | Build | House |
| 21:43 | Build | Farm |
| 21:45 | Queue | Villager (Male) |
| 21:53 | Build | Farm |
| 22:26 | Queue | Villager (Male) |
| 22:37 | Build | Farm |
| 22:37 | Build | Farm |
| 22:37 | Build | Farm |
| 22:44 | Research | Castle Age |
| 23:21 | Queue | Scout Cavalry |
| 23:22 | Queue | Scout Cavalry |
| 23:27 | Build | Farm |
| 23:34 | Build | Stable |
| 23:36 | Queue | Villager (Male) |
| 23:42 | Queue | Scout Cavalry |
| 23:46 | Queue | Villager (Male) |
| 23:49 | Queue | Villager (Male) |
| 23:59 | Queue | Villager (Male) |
Match timeline
| 7:52 | AlmaFuerte1228 · first_building Barracks |
| 9:06 | AlmaFuerte1228 · age_up feudal |
| 10:15 | AlmaFuerte1228 · first_building Stable |
| 10:37 | b1gFooot · first_building Barracks |
| 11:50 | b1gFooot · age_up feudal |
| 12:33 | AlmaFuerte1228 · wall_segment Palisade Wall x4 |
| 13:22 | b1gFooot · first_market_sell 100 stone |
| 13:23 | b1gFooot · first_market_buy 100 food |
| 15:54 | AlmaFuerte1228 · first_building Archery Range |
| 17:27 | AlmaFuerte1228 · wall_segment Palisade Wall x2 |
| 17:30 | AlmaFuerte1228 · wall_segment Palisade Wall x8 |
| 17:35 | AlmaFuerte1228 · wall_segment Palisade Wall x6 |
| 18:39 | AlmaFuerte1228 · wall_segment Palisade Wall x6 |
| 21:00 | AlmaFuerte1228 · first_market_buy 100 food |
| 24:10 | AlmaFuerte1228 · wall_segment Palisade Wall x3 |
| 24:16 | AlmaFuerte1228 · first_market_sell 100 wood |
| 25:09 | AlmaFuerte1228 · age_up castle |
| 25:32 | AlmaFuerte1228 · first_building Siege Workshop |
| 25:49 | b1gFooot · age_up castle |
| 28:53 | b1gFooot · first_building Castle |
| 31:06 | b1gFooot · first_building Monastery |
| 34:21 | b1gFooot · first_building Stable |
| 44:26 | AlmaFuerte1228 · first_building Monastery |
| 44:29 | b1gFooot · first_building Archery Range |
| 45:16 | b1gFooot · age_up imperial |
| 49:10 | AlmaFuerte1228 · age_up imperial |
| 52:22 | AlmaFuerte1228 · first_building Castle |
| 63:48 | b1gFooot · first_building Siege Workshop |
| 72:02 | AlmaFuerte1228 · resign |
[ AI ANALYSIS · 1 CREDIT ]
What really happened in this match?
Wolo.gg analyzes every decision: build order, eco, micro, common mistakes by bracket. Personalized analysis on WhatsApp or Discord in 30 seconds.
Civ guide
Saracens
Perfil
Jugador #12072685